 Dungeon Crawl Stone Soup version 0.31-a0-1616-gbeaec30b81 (webtiles) character file.

Game seed: 11884595846031607941

159140 Midn8 the Warrior (level 17, -3/155 HPs)
             Began as a Merfolk Artificer on Jan 10, 2024.
             Was a Follower of Ru.
             Killed from afar by a lindwurm (31 damage)
             ... with a blast of flame
             ... on level 4 of the Swamp.
             The game lasted 01:56:05 (37116 turns).

Midn8 the Warrior (Merfolk Artificer)              Turns: 37116, Time: 01:56:07

Health: -3/155     AC: 27    Str: 25    XL:     17   Next: 73%
Magic:  17/17      EV: 16    Int: 11    God:    Ru [*.....]
Gold:   91         SH: 14    Dex: 18    Spells: 16/16 levels left

rFire   . . .        x - +9 demon trident (pain)
rCold   + . .        j - +1 kite shield of Whack-A-Mole {rElec rPois Dex+3}
rNeg    + . .        K - +4 chain mail {rC+}
rPois   +            E - +2 helmet
rElec   +            Y - +2 cloak
rCorr   .            S - +2 pair of gloves
SInv    .            (no boots)
Will    +....        r - amulet of faith Stlth
                     T - +6 ring of strength
HPRegen 0.45/turn    v - ring of the Octopus King {rN+ HP+2 AC+2 EV+2 SH+2}
MPRegen 0.15/turn

%: faith
@: studying 3 skills
A: no ice magic, no alchemy magic, no translocations magic, (nimble swimmer 2),
mertail
a: Renounce Religion, Sacrifice Experience, Sacrifice Courage, Sacrifice Health,
Reject Sacrifices


You were on level 4 of the Swamp.
You worshipped Ru.
Ru was aware of your devotion.
You visited 5 branches of the dungeon, and saw 27 of its levels.
You also visited: Sewer.

You collected 2791 gold pieces.
You spent 2700 gold pieces at shops.

Inventory:

Hand Weapons
 x - a +9 demon trident of pain (weapon)
 J - a +3 glaive of freezing
Missiles
 a - 2 javelins
 m - 5 atropa-tipped darts
 C - 32 poisoned darts
 M - 4 silver javelins
 Q - 18 boomerangs (quivered)
 U - 3 curare-tipped darts
Armour
 j - the +1 kite shield of Whack-A-Mole (worn) {rElec rPois Dex+3}
   (You acquired it on level 4 of the Dungeon)

   Dex+3:     It affects your dexterity (+3).
   rElec:     It insulates you from electricity.
   rPois:     It protects you from poison
 E - a +2 helmet (worn)
 K - a +4 chain mail of cold resistance (worn)
 S - a +2 pair of gloves (worn)
 Y - a +2 cloak (worn)
Jewellery
 r - an amulet of faith (around neck)
 v - a ring of the Octopus King (right hand) {rN+ HP+2 AC+2 EV+2 SH+2}
   (You found it on level 11 of the Dungeon)

   [ring of positive energy]

   AC+2:      It affects your AC (+2).
   EV+2:      It affects your evasion (+2).
   rN+:       It protects you from negative energy.
   HP+2:      It affects your health (+2).
   SH+2:      It affects your SH (+2).
 T - a +6 ring of strength (left hand)
 V - an amulet of regeneration
Wands
 c - a wand of flame (49)
 d - a wand of charming (41)
 e - a wand of iceblast (8)
 y - a wand of light (5)
 N - a wand of mindburst (26)
 W - a wand of polymorph (3)
 X - a wand of digging (23)
Scrolls
 b - 2 scrolls of silence
 h - 3 scrolls of poison
 i - a scroll of enchant weapon
 k - 6 scrolls of fog
 n - 2 scrolls of summoning
 o - 3 scrolls of teleportation
 q - a scroll of blinking
 s - 3 scrolls of vulnerability
 t - 6 scrolls of identify
 u - a scroll of brand weapon
 w - 3 scrolls of revelation
 z - 2 scrolls of enchant armour
 A - a scroll of amnesia
 F - a scroll of fear
Potions
 g - 8 potions of haste
 l - 2 potions of berserk rage
 B - 2 potions of enlightenment
 D - 13 potions of curing
 G - a potion of resistance
 H - a potion of heal wounds
 I - 2 potions of brilliance
 L - 2 potions of cancellation
 O - 3 potions of might
 P - a potion of magic
 R - a potion of invisibility
Miscellaneous
 f - a condenser vane
 p - a box of beasts


   Skills:
 - Level 19.0 Fighting
 - Level 15.5 Polearms
 - Level 10.0 Throwing
 - Level 8.1 Armour
 - Level 11.9 Dodging
 - Level 1.1 Stealth
 - Level 8.0 Shields
 - Level 6.0 Necromancy
 + Level 15.3 Evocations


You had 16 spell levels left.
You didn't know any spells.
Your spell library contained the following spells:

 Spells                   Type           Power      Damage    Failure   Level
 Necrotise                Necr           52%        1d6       24%         1
 Vampiric Draining        Necr           13%        2d6       58%         3
 Kiss of Death            Conj/Necr      24%        2d7       63%         1
 Dispel Undead            Necr           13%        3d9       94%         4
 Summon Small Mammal      Summ           0%         N/A       96%         1
 Jinxbite                 Hex            0%         N/A       99%         2
 Scorch                   Fire           0%         2d5       99%         2
 Confusing Touch          Hex            0%         N/A       100%        3
 Tukima's Dance           Hex            0%         N/A       100%        3
 Flame Wave               Conj/Fire      0%         2d4       100%        4
 Martyr's Knell           Necr/Summ      6%         N/A       100%        4
 Curse of Agony           Necr           13%        N/A       100%        5
 Summon Cactus Giant      Summ           0%         N/A       100%        6
 Enfeeble                 Hex            0%         N/A       100%        7
 Chain Lightning          Conj/Air       0%         N/A       100%        9
 Fire Storm               Conj/Fire      0%         5d1       100%        9
 Shatter                  Erth           0%         3d5*      100%        9
 Apportation              Tloc           Unusable   N/A       N/A         1
 Sting                    Conj/Alch      Unusable   1d3       N/A         1
 Ozocubu's Armour         Ice            Unusable   N/A       N/A         3
 Manifold Assault         Tloc           Unusable   N/A       N/A         4
 Passage of Golubria      Tloc           Unusable   N/A       N/A         4
 Alistair's Intoxication  Alch           Unusable   N/A       N/A         5
 Metabolic Englaciation   Hex/Ice        Unusable   N/A       N/A         5
 Yara's Violent Unravell  Hex/Alch       Unusable   3d3       N/A         5
 Dispersal                Tloc           Unusable   N/A       N/A         6
 Sculpt Simulacrum        Ice/Alch       Unusable   N/A       N/A         6
 Disjunction              Tloc           Unusable   N/A       N/A         8

Dungeon Overview and Level Annotations

Branches:
Dungeon (15/15)            Temple (1/1) D:6            Lair (5/5) D:11
  Swamp (4/4) Lair:2        Snake (0/4) Lair:3        Slime (0/5) Lair:5
    Orc (2/2) D:10            Elf (0/3) Orc:2        Vaults (0/5) D:14
 Depths (0/4) D:15          Sewer (visited)

Altars:
Ashenzari
Cheibriados
Dithmenos
Elyvilon
Fedhas
Gozag
Hepliaklqana
Kikubaaqudgha
Makhleb
Nemelex Xobeh
Okawaru
Qazlal
Ru
Sif Muna
Trog
Uskayaw
Vehumet
Wu Jian
Xom
Yredelemnul
Zin
The Shining One
Ignis
Jiyva

Shops:
D:1 :   D:4 ?   D:6 ?**?   D:7 **   D:8 *(   D:15 *   Orc:1 [   Orc:2 :?[[(

Annotations:
D:2 1 runed translucent door, Crazy Yiuf
D:7 2 transporters, hgbash's ghost, novice GrEE
D:9 1 runed translucent door, Azoth's ghost, novice DsSh
D:15 2 transporters, Renyugh's ghost, journeyman MiFi
Lair:3 exclusion: oklob plant


Innate Abilities, Weirdness & Mutations

You cannot study or cast Ice magic.
You cannot study or cast Alchemy magic.
You cannot study or cast Translocations magic.
((You are very nimble when in or above water. (Stealth+, EV+, Speed+++)))
Your lower body shifts to a powerful aquatic tail in water.


Message History

The swamp drake is severely wounded.
The swamp drake closely misses you.
You puncture the swamp drake!
You kill the swamp drake!
Your legs become a tail as you enter the water.
A swamp drake comes into view.
The swamp drake breathes poison at you.
The will-o-the-wisp gestures.
The will-o-the-wisp conjures some marshlight! 2 foxfires come into view.
You impale the foxfire!!
The foxfire is lightly damaged.
The foxfire hits you!! The foxfire hits you!
The will-o-the-wisp blinks!
A lindwurm comes into view.
The lindwurm roars!
The will-o-the-wisp gestures.
The will-o-the-wisp conjures some marshlight! 2 foxfires come into view.
You reach to attack!
You hit the will-o-the-wisp but do no damage.
The foxfire hits you but does no damage.
The foxfire hits you.
You reach to attack!
You closely miss the will-o-the-wisp.
A fire dragon comes into view.
The will-o-the-wisp gestures.
The will-o-the-wisp conjures some marshlight!
The lindwurm breathes flames at you.
The blast of flame hits you!! 2 foxfires come into view.
The foxfire hits you. The foxfire hits you!!
The will-o-the-wisp gestures.
The will-o-the-wisp conjures some marshlight! 2 foxfires come into view.
The foxfire hits you!!
* * * LOW HITPOINT WARNING * * *
The will-o-the-wisp begins to attack, but is stunned by your conviction!
The swamp drake begins to attack, but is stunned by your conviction!
The lindwurm breathes flames at you.
The blast of flame hits the foxfire.
The foxfire completely resists.
The blast of flame hits you!!
You die...

..~~.~..~....~..~~....~.
~.††~†......~.~~..~~~~...
§[...†.......~.~.§~.~.....
~...§...†~§~~.~..~....~.~~
....~.~~).†§.~.~~~..~..~~.
....~..~.~..~~....~...~..~
~).~§.~.......~.~..!......
...)...§~~~~.~~~§.....~~.~
...~..~....~~.~~@~~.~~~.~.
..~..~.~~..§~~..v.k§~.....
~...~~.....§....§$§..[...~
..~~.§..~§...~.§§.§.~.~~...
~.~~..~~.~.~..§§v§~~..~~~~
..~.~.....~k.~§...~.~...~~
......♣§~.~......~.~.§..§
$.....D~.~~~....~~~.....
~~♣~~~.~.......~..~♣


You could see a fire dragon (wandering), a lindwurm (catching breath), a
will-o-the-wisp and a swamp drake.

Vanquished Creatures
  Saint Roka (Orc:2)
  Rupert (Lair:4)
  5 eleionomae
  3 bunyips (Swamp:2)
  Josephine (D:10)
  2 fire dragons
  4 vault guards (D:14)
  Erolcha (D:9)
  A death knight (D:13)
  3 centaur warriors
  2 ogre magi
  3 catoblepae
  22 hydras
  3 ice dragons
  19 death yaks
  4 two-headed ogres
  4 boulder beetles
  8 alligators
  A deep troll shaman (Lair:5)
  2 tengu warriors
  2 orc high priests (Orc:2)
  A skyshark (Lair:3)
  2 goliath frogs (Swamp:2)
  6 skeletal warriors
  6 spriggan druids
  A bog body (Swamp:3)
  A death drake (Swamp:3)
  A lindwurm (Swamp:4)
  6 swamp dragons
  Pikel (D:9)
  An orc knight (Orc:2)
  6 will-o-the-wisps
  6 manticores
  28 ugly things
  8 cyclopes
  A large abomination (D:11)
  11 elephants
  4 kobold blastminers (Orc:2)
  A meliai (D:13)
  3 black mambas
  4 gargoyles
  2 torpor snails (Lair:2)
  An unseen horror (D:12)
  13 cane toads
  9 rime drakes
  14 komodo dragons
  A freezing wraith (D:13)
  2 efreet
  3 polar bears
  7 tyrant leeches
  A hydra zombie (D:11)
  A wind drake (Lair:3)
  5 trolls
  14 hornets
  Prince Ribbit (D:6)
  14 dream sheep (Lair:5)
  19 blink frogs
  A wolf spider simulacrum (D:15)
  A meliai zombie (D:11)
  11 slime creatures
  A centaur simulacrum (D:15)
  A vampire (D:5)
  Sigmund (D:6)
  9 wraiths
  16 spriggans
  2 small abominations (D:11)
  A yak (shapeshifter) (D:13)
  3 wargs
  7 humans (D:14)
  58 yaks
  15 basilisks
  9 wyverns
  25 fire elementals
  2 steam dragons
  11 vampire mosquitoes
  Edmund (D:6)
  8 nagas (Lair:3)
  17 swamp worms
  2 acid dragons
  Duvessa (D:6)
  A hell hound (D:14)
  9 water moccasins
  5 swamp drakes
  A sky beast (D:7)
  An ice beast (D:3)
  28 orc warriors
  6 black bears
  7 laughing skulls
  9 ogres
  8 centaurs
  16 wolves
  3 lemures (D:9)
  A phantom (D:5)
  A kobold brigand (D:9)
  13 bullfrogs
  2 scorpions
  Dowan (D:6)
  A spriggan zombie (D:11)
  9 electric eels
  6 howler monkeys
  4 wolf zombies (D:11)
  A lava snake (Lair:1)
  3 bombardier beetles
  A centaur zombie (D:11)
  21 orc priests
  A gnoll bouda (D:8)
  6 hounds
  Jessica (D:3)
  4 iguanas
  Ijyb (D:5)
  A sleepcap (D:7)
  Natasha (thrice) (D:2)
  24 orc wizards
  7 hell rats
  3 killer bee zombies (D:11)
  7 gnolls
  11 adders
  2 river rats (Sewer)
  A shadow imp (D:5)
  2 white imps
  An ufetubus (D:5)
  2 dart slugs
  4 ribbon worms
  68 orcs
  7 ball pythons
  6 endoplasms
  3 giant cockroaches
  9 goblins
  7 hobgoblins
  2 jackals (D:1)
  11 kobolds
  5 quokkas
  4 bats
  6 frilled lizards
  13 rats
  A butterfly (D:6)
881 creatures vanquished.

Vanquished Creatures (collateral kills)
  A death yak (Lair:5)
  A cane toad (Lair:3)
  2 blink frogs (Lair:2)
  A kobold brigand (D:6)
  2 kobolds (D:6)
7 creatures vanquished.

Vanquished Creatures (others)
  3 death yaks
  Maggie (D:9)
  A polar bear (Lair:2)
  2 yaks
  A human (D:14)
  A swamp drake (Swamp:4)
  51 foxfires
60 creatures vanquished.

Grand Total: 948 creatures vanquished

Notes
Turn   | Place    | Note
-------+----------+-------------------------------------------
     0 | D:1      | Midn8 the Merfolk Artificer began the quest for the Orb.
     0 | D:1      | Reached XP level 1. HP: 15/15 MP: 1/1
   210 | D:1      | Reached skill level 2 in Fighting
   246 | D:1      | Reached XP level 2. HP: 22/22 MP: 2/2
   272 | D:1      | Found Fekun's Vocational Training.
   359 | D:1      | Found a faded altar of an unknown god.
   390 | D:1      | Prayed at the altar of an unknown god.
   390 | D:1      | Became a worshipper of Ignis, the Dying Flame
   446 | D:1      | Reached skill level 3 in Fighting
   493 | D:1      | Reached XP level 3. HP: 29/29 MP: 3/3
   533 | D:1      | Reached skill level 1 in Polearms
  1179 | D:2      | Reached XP level 4. HP: 35/35 MP: 4/4
  1468 | D:2      | Noticed Natasha
  1475 | D:2      | Killed Natasha
  1591 | D:2      | Noticed Natasha
  1606 | D:2      | Killed Natasha
  1607 | D:2      | Reached skill level 5 in Polearms
  1607 | D:2      | Reached XP level 5. HP: 13/41 MP: 5/5
  1626 | D:2      | Noticed Natasha
  1637 | D:2      | Killed Natasha
  1769 | D:2      | Found a runed translucent door.
  1770 | D:2      | Noticed Crazy Yiuf
  1829 | D:3      | Found a glowing silver altar of Zin.
  1832 | D:3      | Noticed an angel
  1836 | D:3      | Found a shimmering altar of Xom.
  1858 | D:3      | Noticed an ice beast
  1867 | D:3      | Killed an ice beast
  1868 | D:3      | Reached skill level 4 in Fighting
  1868 | D:3      | Reached XP level 6. HP: 32/48 MP: 6/6
  2352 | D:3      | Noticed Jessica
  2378 | D:3      | Killed Jessica
  2595 | D:3      | Reached skill level 5 in Fighting
  2898 | D:4      | Reached XP level 7. HP: 49/56 MP: 7/7
  3207 | D:4      | Found Zikhluorr's Magic Scroll Shop.
  3213 | D:4      | Bought a scroll of fear for 52 gold pieces
  3425 | D:4      | Found a sparkling altar of Nemelex Xobeh.
  3588 | D:4      | Found a hide-covered altar of Uskayaw.
  3736 | D:4      | Found a shadowy altar of Dithmenos.
  4136 | D:5      | Entered Level 5 of the Dungeon
  4253 | D:5      | Reached skill level 5 in Dodging
  4374 | D:5      | Found a glowing drain.
  4385 | Sewer    | Entered a sewer
  4705 | D:5      | Reached XP level 8. HP: 62/62 MP: 8/8
  4726 | D:5      | Noticed a vampire
  5060 | D:6      | Found a burning altar of Makhleb.
  5080 | D:6      | Noticed Prince Ribbit
  5108 | D:6      | Killed Prince Ribbit
  5109 | D:6      | Reached skill level 10 in Polearms
  5156 | D:6      | Found Ukhucu Xeur's Magic Scroll Emporium.
  5164 | D:6      | Bought a scroll of revelation for 105 gold pieces
  5228 | D:6      | Reached skill level 6 in Fighting
  5229 | D:6      | Found a radiant altar of Vehumet.
  5419 | D:6      | Noticed Sigmund
  5435 | D:6      | Killed Sigmund
  5436 | D:6      | Reached skill level 7 in Fighting
  5533 | D:6      | Found Qem Jubo's Assorted Antiques.
  5540 | D:6      | Noticed Edmund
  5683 | D:6      | Killed Edmund
  5768 | D:6      | Bought a bubbling emerald potion for 22 gold pieces
  5768 | D:6      | Bought a smoky red potion for 22 gold pieces
  5811 | D:6      | Reached XP level 9. HP: 72/72 MP: 9/9
  5827 | D:6      | Found a stormy altar of Qazlal.
  5835 | D:6      | Noticed Duvessa
  5835 | D:6      | Noticed Dowan
  5856 | D:6      | Killed Duvessa
  5875 | D:6      | Killed Dowan
  5918 | D:6      | Found a staircase to the Ecumenical Temple.
  5980 | D:6      | Found Boixtun's Magic Scroll Boutique.
  5984 | D:6      | Bought a scroll of enchant weapon for 105 gold pieces
  6043 | D:6      | Reached skill level 5 in Evocations
  6092 | D:6      | Found Atus's General Store.
  6297 | D:6      | Found a shimmering blue altar of Sif Muna.
  6554 | D:7      | Found a bloodstained altar of Trog.
  6656 | D:7      | Reached skill level 1 in Armour
  6804 | D:7      | Found a transporter.
  6813 | D:7      | Noticed a moth of wrath
  6832 | D:7      | Found a transporter.
  6836 | D:7      | Noticed hgbash's ghost (novice GrEE)
  6971 | D:7      | Found Uhikiolu's Specific Store.
  6973 | D:7      | Found Waizy's General Store.
  7999 | D:8      | Found Boynag's General Store.
  8033 | D:8      | Bought a +0 pair of gloves for 58 gold pieces
  8134 | D:8      | Found a sacrificial altar of Ru.
  8139 | D:8      | Found a white marble altar of Elyvilon.
  8481 | D:8      | Found Owejac's Hydra Hut.
  8483 | D:8      | Noticed a seven-headed hydra
  8644 | D:9      | Found a runed translucent door.
  8698 | D:9      | Reached XP level 10. HP: 58/80 MP: 10/10
  8706 | D:9      | Reached skill level 8 in Fighting
  8721 | D:9      | Noticed Azoth's ghost (novice DsSh)
  8879 | D:9      | Reached skill level 9 in Fighting
  9085 | D:9      | Noticed Erolcha
  9129 | D:9      | Killed Erolcha
  9255 | D:9      | Noticed Maggie
  9491 | D:9      | Noticed Pikel
  9515 | D:9      | Killed Pikel
  9588 | D:9      | Your ally Maggie died
  9742 | D:9      | Found an opulent altar of Gozag.
 10091 | D:9      | Found an ornate altar of the Wu Jian Council.
 10229 | D:10     | Entered Level 10 of the Dungeon
 10744 | D:10     | Noticed a boulder beetle
 10781 | D:10     | Killed a boulder beetle
 10782 | D:10     | Reached XP level 11. HP: 71/89 MP: 11/11
 10885 | D:10     | Found a staircase to the Orcish Mines.
 11840 | D:11     | Noticed Josephine
 12173 | D:10     | Reached skill level 5 in Throwing
 12255 | D:11     | Found a staircase to the Lair.
 12326 | D:11     | Noticed a cyclops
 12384 | D:11     | Killed a cyclops
 12394 | D:11     | Found the ring of the Octopus King
 12408 | D:11     | Identified a ring of the Octopus King {rN+ HP+2 AC+2 EV+2
                  | SH+2}
 12414 | D:11     | Noticed a cyclops
 12530 | D:10     | Killed Josephine
 12531 | D:10     | Reached skill level 10 in Fighting
 13161 | D:11     | Reached skill level 11 in Fighting
 13434 | D:11     | Killed a cyclops
 13562 | D:11     | Reached XP level 12. HP: 44/100 MP: 12/12
 13991 | D:11     | Found a basalt altar of Yredelemnul.
 14502 | D:4      | Bought a scroll of acquirement for 676 gold pieces
 14502 | D:4      | Bought a scroll of fog for 52 gold pieces
 14502 | D:4      | Acquired the +1 kite shield of Whack-A-Mole {rElec rPois
                  | Dex+3}
 14709 | Lair:1   | Entered Level 1 of the Lair of Beasts
 14767 | Lair:1   | Reached skill level 1 in Shields
 15577 | D:11     | Reached skill level 5 in Shields
 16202 | Lair:1   | You fall into a shaft and drop 1 floor!
 16843 | Lair:1   | Reached XP level 13. HP: 107/107 MP: 13/13
 16878 | Lair:1   | Reached skill level 12 in Fighting
 17299 | Lair:2   | Reached skill level 13 in Fighting
 17740 | Lair:2   | Reached skill level 14 in Fighting
 18495 | Lair:2   | Reached skill level 15 in Fighting
 18673 | Lair:2   | Found a staircase to the Swamp.
 18899 | Lair:3   | Reached skill level 5 in Armour
 18934 | Lair:3   | Found a staircase to the Snake Pit.
 19838 | Lair:3   | Reached XP level 14. HP: 87/123 MP: 14/14
 20662 | Lair:4   | Noticed Rupert
 20697 | Lair:4   | Paralysed by Rupert for 5 turns
 20724 | Lair:4   | Killed Rupert
 20725 | Lair:4   | Reached skill level 10 in Throwing
 21088 | Lair:4   | Reached skill level 10 in Dodging
 21767 | Lair:5   | Entered Level 5 of the Lair of Beasts
 21846 | Lair:5   | Found a viscous altar of Jiyva.
 21846 | Lair:5   | Found a staircase to the Slime Pits.
 22620 | Lair:5   | Identified the +2 orcbow of Dung {drain, +Blink Will+}
 22898 | Lair:5   | Reached skill level 16 in Fighting
 23612 | Lair:5   | Reached XP level 15. HP: 84/133 MP: 15/15
 23840 | Lair:5   | Reached skill level 17 in Fighting
 24772 | Lair:5   | Identified the +9 battleaxe "Reyric" {flame, rF+ Int+3}
 25330 | D:5      | Found an iron altar of Okawaru.
 25524 | D:5      | Noticed Ijyb
 25535 | D:5      | Killed Ijyb
 26381 | D:12     | Reached skill level 15 in Polearms
 26868 | Orc:1    | Entered Level 1 of the Orcish Mines
 27039 | Orc:1    | Found Byshrir's Antique Armour Shoppe.
 27105 | Orc:2    | Entered Level 2 of the Orcish Mines
 27335 | D:6      | Bought a scroll of acquirement for 728 gold pieces
 27335 | D:6      | Acquired a +4 demon trident of pain
 28101 | Temple   | Entered the Ecumenical Temple
 28308 | Orc:2    | Found a staircase to the Elven Halls.
 28309 | Orc:2    | Found Dymaijeu's Book Boutique.
 28357 | Orc:2    | Paralysed by something for 2 turns
 28538 | Orc:2    | Found Umiaga's Magic Scroll Shop.
 28632 | Orc:2    | Found Idolaed's Antique Armour Emporium.
 28932 | Orc:2    | Noticed Saint Roka
 28992 | Orc:2    | Killed Saint Roka
 28993 | Orc:2    | Reached skill level 18 in Fighting
 29097 | Orc:2    | Found Omocotoe's Antique Weapon Boutique.
 29099 | Orc:2    | Found Jorext's Antique Armour Shop.
 29632 | D:13     | Reached skill level 1 in Necromancy
 29803 | D:12     | Reached XP level 16. HP: 117/145 MP: 16/16
 30055 | D:13     | Reached skill level 5 in Necromancy
 30313 | D:13     | Found a shimmering altar of Xom.
 30605 | D:8      | Fell from the grace of Ignis
 30605 | D:8      | Became a worshipper of Ru the Awakened
 31645 | D:14     | Reached skill level 19 in Fighting
 31738 | D:14     | Found a gate to the Vaults.
 31756 | D:14     | Gained mutation: You cannot study or cast Ice magic. [Ru
                  | sacrifice]
 31756 | D:14     | Gained mutation: You cannot study or cast Alchemy magic.
                  | [Ru sacrifice]
 31756 | D:14     | Gained mutation: You cannot study or cast Translocations
                  | magic. [Ru sacrifice]
 31756 | D:14     | Reached * piety under Ru
 31885 | D:15     | Entered Level 15 of the Dungeon
 31935 | D:15     | Found a transporter.
 31937 | D:15     | Noticed Renyugh's ghost (journeyman MiFi)
 32237 | D:15     | Found a staircase to the Depths.
 32292 | D:15     | Found Zin's Purification Station.
 32292 | D:15     | Found a glowing silver altar of Zin.
 32594 | D:15     | Found a transporter.
 32873 | Swamp:1  | Entered Level 1 of the Swamp
 33447 | Swamp:2  | Reached skill level 10 in Evocations
 33447 | Swamp:2  | Reached XP level 17. HP: 113/153 MP: 17/17
 33797 | Swamp:2  | You fall into a shaft and drop 1 floor!
 34927 | Swamp:2  | You fall into a shaft and drop 1 floor!
 35162 | D:11     | Was forgiven by Ignis
 35388 | D:1      | Bought a manual of Evocations for 880 gold pieces
 36200 | Swamp:4  | Entered Level 4 of the Swamp
 36285 | Swamp:4  | HP: 6/155 [something (3)]
 37064 | Swamp:4  | Reached skill level 15 in Evocations
 37116 | Swamp:4  | Killed from afar by a lindwurm

Illustrated notes

Levels and vault maps discovered:
D:1:      lightli_arrival_maybe_door_vault, layout_basic,
          hellmonk_ecumenical_altar_lost_god, nicolae_shop_vocational
D:2:      layout_basic, grunt_ministairs_12, uniq_crazy_yiuf_cottage,
          uniq_natasha
D:3:      layout_basic, grunt_temple_overflow_order_and_chaos_1,
          kennysheep_generic_room_2, uniq_jessica
D:4:      layout_layer_cave, lemuel_round_altar, nemelex_dance_club_becter,
          lemuel_doored_altar, serial_shops, shop
D:5:      cheibrodos_barr_body, layout_gridville,
          mainiacjoe_overflow_concentric_impassable,
          mainiacjoe_sewer_entry_somewhere_in_here_1, minmay_manual_mail,
          uniq_ijyb
D:6:      layout_gridville, grunt_qazlal_sundering,
          nicolae_overflow_crystal_walls, lemuel_blue_sif_altar,
          vehumet_altar_wand_db, minmay_temple_entry_butterflies, serial_shops,
          kennysheep_little_box, nicolae_shop_back_alley_shop,
          nicolae_shop_overgrown_old_shop, shop, uniq_duvessa, uniq_edmund,
          uniq_sigmund, uniq_prince_ribbit1
D:7:      layout_basic, kennysheep_mini_moat, gammafunk_ghost_berserking_beasts,
          nicolae_concentric_dashed_squares_wild, nicolae_specific_store,
          chequers_serial_rivers_micro_c
D:8:      layout_basic, amcnicky_altar_gilded, nicolae_overflow_hidden_temple,
          serial_shops, nicolae_shop_hallway_plus, doesnt_shop_hydraphobe
D:9:      layout_cave_pools, lemuel_tele_altar, grunt_gozag_statues,
          serial_co_window_serial, co_window_paths_a,
          co_window_of_opportunity_a, co_window_of_opportunity_a,
          co_window_corner_a, co_window_paths_b, co_window_paths_b,
          co_window_paths_b, co_window_unsneaky_path_c,
          co_window_of_opportunity_c, co_window_corner_b, co_window_broadway_a,
          glass_columns_b, glass_columns_b, ebering_ghost_reflecting_pool,
          uniq_maggie, uniq_erolcha, uniq_pikel
D:10:     layout_basic, orc_0_dummy, kennysheep_generic_room_13
D:11:     layout_big_octagon, david_lair_generic, roadster_capsule_ark_zombie,
          uniq_josephine
D:12:     layout_irregular_city, kennysheep_path_1
D:13:     layout_roguey, minmay_ruined_shrine
D:14:     layout_basic, ximxim_vaults_locker_room, special_room
          [special_room_mythical_zoo]
D:15:     grunt_enter_depths_hoard, layout_rooms, gammafunk_ghost_stat_death,
          dreamdust_mushroom_princess, serial_curves, eino_curves_02,
          eino_curves_04, zin_purify
Temple:   nicolae_temple_little_seven
Lair:1:   layout_gridlike, grunt_megastairs_5
Lair:2:   nzn_winding_woodlands_medium [nzn_winding_woodlands_5x5_perimeter,
          nzn_winding_woodlands_5x15_garden,
          nzn_winding_woodlands_5x5_open_star, nzn_winding_woodlands_hourglass,
          nzn_winding_woodlands_center_triple_pond,
          nzn_winding_woodlands_5x5_checkerboard,
          nzn_winding_woodlands_5x5_closed_star,
          nzn_winding_woodlands_5x15_jagged, nzn_winding_woodlands_5x5_default],
          layout_regular_city, mainiacjoe_swamp_entry_angry_trees
Lair:3:   minmay_lair_oklob_tunnel, layout_chaotic_city,
          minmay_snake_entry_guardpost_large, wad_woods_road_05,
          serial_bayou_shore_b
Lair:4:   layout_gridlike, beast_lair_carwin_7, serial_bayou_shore_a,
          lemuel_fruit_fields, uniq_rupert
Lair:5:   grunt_lair_end_beastmaster, layout_loops_ring, slime_entry_1,
          portal_ice_cave_entry_animals_and_master
Swamp:1:  layout_basic_swamp, evilmike_swamp_ruin_rubble_1, swamp_pool_1_2
Swamp:2:  layout_basic_swamp, evilmike_swamp_ruin_house_6, hangedman_swamp_grove
Swamp:3:  layout_falls_marsh, evilmike_swamp_ruin_house_3, swamp_pool_3,
          infiniplex_staircase_pool
Swamp:4:  swamp_fiery, layout_basic_swamp, swamp_pool_3
Orc:1:    layout_caves, serial_shops, shop, library_closet
Orc:2:    grunt_orc_community_town_hall, layout_caves,
          grunt_orc_community_big_house_2, grunt_orc_community_big_house_1,
          grunt_orc_community_house_2, grunt_orc_community_house_2,
          grunt_orc_community_house_1, grunt_orc_community_house_1,
          grunt_orc_community_house_3, grunt_orc_community_house_1,
          serial_shops, nicolae_book_shop_shelving, basic_altar

Skill      XL: |  1  2  3  4  5  6  7  8  9 10 11 12 13 14 15 16 17 |
---------------+----------------------------------------------------+-----
Fighting       | 2 3 4 5 7 9 11 15 16 18 19 | 19.0
Polearms       | 3 5 6 8 10 12 14 15 | 15.5
Dodging        | 5 6 9 11 | 11.9
Evocations     | 4 6 8 10 15 | 15.3
Armour         | 2 4 6 8 |  8.1
Throwing       | 3 7 8 10 | 10.0
Shields        | 8 |  8.0
Necromancy     | 3 6 |  6.0
Stealth        | |  1.1

Action                     |  1- 3 |  4- 6 |  7- 9 | 10-12 | 13-15 | 16-18 || total
---------------------------+-------+-------+-------+-------+-------+-------++-------
  Melee: Hand axe          |    41 |       |       |       |       |       ||    41
         Club              |     9 |       |       |       |       |       ||     9
         Spear             |    66 |   170 |   547 |  1062 |       |       ||  1845
         Punch             |       |     2 |     7 |    18 |       |       ||    27
         Tailslap          |       |       |     3 |     5 |     5 |    34 ||    47
         Trident           |       |       |       |   306 |  1647 |       ||  1953
         Demon trident     |       |       |       |       |   492 |  1089 ||  1581
         Glaive            |       |       |       |       |    65 |       ||    65
  Throw: Dart              |       |       |     6 |     4 |     3 |       ||    13
         Boomerang         |       |       |       |       |     8 |    13 ||    21
 Invoke: Foxfire Swarm     |       |       |     1 |     1 |       |       ||     2
         Fiery Armour      |       |       |     1 |     2 |     3 |       ||     6
         Sacrifice Arcana  |       |       |       |       |       |     1 ||     1
  Evoke: Wand              |       |     7 |     1 |    13 |     3 |     5 ||    29
         Condenser vane    |       |       |       |       |       |     1 ||     1
    Use: Scroll            |       |     2 |     8 |    10 |    13 |     9 ||    42
         Potion            |       |       |     2 |     3 |     2 |     3 ||    10
   Stab: Sleeping          |       |     2 |     3 |       |       |       ||     5
         Distracted        |       |       |     2 |       |     4 |     1 ||     7
         Confused          |       |       |       |     3 |    21 |       ||    24
         Paralysed         |       |       |       |     1 |    12 |       ||    13
         Petrifying        |       |       |       |       |    10 |       ||    10
         Petrified         |       |       |       |       |    30 |       ||    30
         Invisible         |       |       |       |       |     9 |       ||     9
 Armour: Leather armour    |    27 |    59 |    74 |       |       |       ||   160
         Chain mail        |    32 |       |   126 |   529 |   800 |   459 ||  1946
         Skin              |       |       |       |    82 |       |       ||    82
  Dodge: Dodged            |    55 |    57 |   150 |   400 |   679 |   366 ||  1707
  Block: Other             |       |       |       |    19 |     5 |       ||    24
         Kite shield       |       |       |       |   236 |  1097 |   531 ||  1864

Table legend: (Time is in decaauts)
 A = Elapsed time spent in this place.
 B = Non-inter-level travel time spent in this place.
 C = Inter-level travel time spent in this place.
 D = Time resting spent in this place.
 E = Time spent auto-exploring this place.
 F = Levels seen in this place.
 G = Mean time per level.
                   A        B        C        D        E       F      G
               +--------+--------+--------+--------+--------+-----+--------+
         Total |  35242 |  31112 |   4130 |   9629 |  13743 |  28 | 1258.6 |
       Dungeon |  20738 |  17576 |   3162 |   4964 |   8514 |  15 | 1382.5 |
        Temple |      1 |      0 |      1 |      0 |      0 |   1 |    1.0 |
          Lair |   9322 |   8758 |    564 |   3030 |   3289 |   5 | 1864.4 |
         Swamp |   3235 |   3045 |    190 |   1462 |    890 |   4 |  808.8 |
  Orcish Mines |   1813 |   1603 |    210 |    107 |   1049 |   2 |  906.5 |
         Sewer |    129 |    129 |      0 |     64 |      0 |   1 |  129.0 |
               +--------+--------+--------+--------+--------+-----+--------+

Top non-repeatable levels by time:
    D:10: 2306 daAuts
     D:9: 2235 daAuts
    D:11: 2209 daAuts
  Lair:4: 2193 daAuts
  Lair:5: 2025 daAuts
  Lair:2: 2014 daAuts
     D:6: 1671 daAuts
     D:4: 1586 daAuts
  Lair:3: 1564 daAuts
   Orc:2: 1549 daAuts
  Lair:1: 1524 daAuts
     D:7: 1495 daAuts
    D:14: 1364 daAuts
     D:8: 1245 daAuts
 Swamp:3: 1228 daAuts
